 Dungeon Crawl Stone Soup version 0.25.1-1-g288607f (webtiles) character file.

Game seed: 15738636721128423389

2468 RonnieColeman the Thaumaturge (level 9, -1/51 HPs)
             Began as a Deep Elf Conjurer on Sept 12, 2020.
             Was a Follower of Kikubaaqudgha.
             Slain by a two-headed ogre
             ... wielding a +0 giant club
              (17 damage)
             ... on level 7 of the Dungeon.
             The game lasted 00:16:11 (7252 turns).

RonnieColeman the Thaumaturge (Deep Elf Conjurer)   Turns: 7252, Time: 00:16:13

Health: -1/51      AC:  5    Str:  5    XL:     9   Next: 26%
Magic:  30/34      EV: 13    Int: 24    God:    Kikubaaqudgha [*.....]
Gold:   439        SH:  0    Dex: 15    Spells: 24/29 levels left

rFire    . . .     SeeInvis .   o - +2 dagger (protect)
rCold    . . .     Gourm    .   (no shield)
rNeg     . . .     Faith    .   a - +1 robe
rPois    .         Spirit   .   w - +0 helmet
rElec    .         Reflect  .   k - +0 cloak
rCorr    .         Harm     .   (no gloves)
MR       .....                  (no boots)
Stlth    ++........             l - amulet of magic regeneration
HPRegen  0.17/turn              (no ring)
MPRegen  0.49/turn              h - ring of magical power

@: no status effects
A: no striking features
a: Receive Corpses, Renounce Religion


You were on level 7 of the Dungeon.
You worshipped Kikubaaqudgha.
Kikubaaqudgha was aware of your devotion.
You were not hungry.

You visited 2 branches of the dungeon, and saw 8 of its levels.

You collected 439 gold pieces.

Inventory:

Hand Weapons
 o - a +2 dagger of protection (weapon)
Armour
 a - a +1 robe (worn)
 k - a +0 cloak (worn)
 w - a +0 helmet (worn)
Jewellery
 h - a ring of magical power (right hand)
 l - an amulet of magic regeneration (around neck)
Wands
 e - a wand of flame (40)
 q - a wand of random effects (30)
Scrolls
 b - a scroll of magic mapping
 d - 4 scrolls of enchant armour
 g - 5 scrolls of remove curse
 m - a scroll of amnesia
 s - a scroll of teleportation
 t - a scroll of fear
 v - a scroll of fog
Potions
 f - 3 potions of curing
 i - a potion of might
 j - 2 potions of haste
 n - 3 potions of lignification
 p - a potion of heal wounds
 r - a potion of ambrosia
 u - 4 potions of brilliance {unknown}
Comestibles
 c - 10 rations


   Skills:
 + Level 3.5 Fighting
 - Level 2.4 Dodging
 - Level 2.4 Stealth
 * Level 10.9 Spellcasting
 + Level 10.0 Conjurations
 + Level 1.5 Necromancy


You had 24 spell levels left.
You knew the following spells:

 Your Spells              Type           Power        Failure   Level  Hunger
a - Magic Dart            Conj           ####         1%          1    None
b - Searing Ray           Conj           ######       1%          2    None
m - Sublimation of Blood  Necr           ###.......   3%          2    None

Your spell library contained the following spells:

 Spells                   Type           Power        Failure   Level  Hunger
 Dazzling Flash           Conj/Hex       #####.       1%          3    None
 Pain                     Necr           ###.         2%          1    None
 Corpse Rot               Necr/Air       N/A          5%          2    None
 Fulminant Prism          Conj/Hex       #####.....   6%          4    None
 Iskenderun's Mystic Bla  Conj/Tloc      #####...     6%          4    None
 Vampiric Draining        Necr           ###.......   8%          3    None


Dungeon Overview and Level Annotations

Branches:
Dungeon (7/15)             Temple (1/1) D:5

Altars:
Ashenzari
Cheibriados
Dithmenos
Elyvilon
Fedhas
Gozag
Hepliaklqana
Kikubaaqudgha
Makhleb
Nemelex Xobeh
Okawaru
Qazlal
Ru
Sif Muna
Trog
Uskayaw
Vehumet
Wu Jian
Xom
Yredelemnul
Zin
The Shining One


Message History

The two-headed ogre hits you with a +0 giant club!
The two-headed ogre closely misses you.
The searing ray hits the two-headed ogre!
The two-headed ogre is heavily wounded.
The two-headed ogre hits you with a +0 giant club!
The two-headed ogre barely misses you.
The searing ray hits the two-headed ogre.
The two-headed ogre is severely wounded.
Casting: Searing Ray (safe; 1% risk of failure)
Confirm with . or Enter, or press ? or * to list all spells.
Aiming: Searing Ray (safe; 1% risk of failure)
Press: ? - help, Shift-Dir - straight line, f/p - two-headed ogre
Aim: a two-headed ogre, wielding two +0 giant clubs (severely wounded)
The searing ray hits the two-headed ogre!
The two-headed ogre is almost dead. (Press . to maintain the ray.)
The two-headed ogre hits you with a +0 giant club.
The two-headed ogre hits you with a +0 giant club!
You die...
Kikubaaqudgha rasps: "You have failed me!
Welcome... death!"

#....# #....#
#.# #....# #.##
#####'..########
.....
....#.#.#.......
.....
..............#
#.###
#####.#.###.#..#
#.# #.....# #.#
##.#@## #.#
#....O.# #.#
##.#.#...# ..#
......##.... ###
..# #.# ### #
.... ... # ...
#.# # .. ... #


You could see a two-headed ogre.

Vanquished Creatures
  A hornet (D:5)
  Sigmund (D:5)
  Edmund (D:5)
  An ice beast (D:3)
  An orc warrior (D:7)
  2 sky beasts
  A phantom (D:7)
  A centaur (D:7)
  An ogre (D:7)
  3 scorpions
  A water moccasin skeleton (D:4)
  6 howler monkeys
  3 crimson imps
  A jelly (D:6)
  2 hounds
  An orc priest (D:6)
  2 centaur skeletons
  7 orc wizards
  2 iguanas (D:4)
  Natasha (thrice) (D:2)
  3 worker ants
  6 gnolls
  15 adders
  An adder zombie (D:7)
  A worm (D:2)
  A dart slug (D:1)
  3 leopard geckos
  18 orcs
  6 giant cockroaches
  7 goblins
  7 hobgoblins
  10 jackals
  6 kobolds
  2 quokkas (D:7)
  A ball python (D:1)
  6 bats
  9 frilled lizards
  A leopard gecko zombie (D:5)
  10 rats
154 creatures vanquished.

Notes
Turn   | Place    | Note
-------+----------+-------------------------------------------
     0 | D:1      | RonnieColeman the Deep Elf Conjurer began the quest for the
                  | Orb.
     0 | D:1      | Reached XP level 1. HP: 10/10 MP: 6/6
   242 | D:1      | Reached XP level 2. HP: 15/15 MP: 4/8
   550 | D:1      | Reached skill level 5 in Conjurations
   999 | D:2      | Reached XP level 3. HP: 9/19 MP: 6/10
  1134 | D:2      | Learned a level 2 spell: Searing Ray
  1191 | D:2      | Noticed Natasha
  1194 | D:2      | Killed Natasha
  1259 | D:2      | Noticed Natasha
  1263 | D:2      | Killed Natasha
  1263 | D:2      | Reached XP level 4. HP: 24/24 MP: 9/12
  1300 | D:2      | Noticed Natasha
  1303 | D:2      | Killed Natasha
  1521 | D:2      | Found a faded altar of an unknown god.
  1944 | D:3      | Reached XP level 5. HP: 28/28 MP: 14/14
  1979 | D:3      | Reached skill level 5 in Spellcasting
  2422 | D:3      | Reached XP level 6. HP: 32/32 MP: 16/16
  2473 | D:3      | Noticed an ice beast
  2482 | D:3      | Killed an ice beast
  3365 | D:4      | Found a hide-covered altar of Uskayaw.
  3533 | D:4      | Reached XP level 7. HP: 28/36 MP: 16/18
  3622 | D:4      | Found a snail-covered altar of Cheibriados.
  3898 | D:4      | Found an opulent altar of Gozag.
  4303 | D:4      | Found a glowing golden altar of the Shining One.
  4572 | D:5      | Entered Level 5 of the Dungeon
  4590 | D:5      | Noticed a hornet
  4594 | D:5      | Killed a hornet
  4594 | D:5      | Reached skill level 1 in Fighting
  4594 | D:5      | Reached XP level 8. HP: 43/43 MP: 22/22
  4643 | D:5      | Found a staircase to the Ecumenical Temple.
  4655 | Temple   | Entered the Ecumenical Temple
  4665 | Temple   | Became a worshipper of Kikubaaqudgha
  4726 | D:5      | Noticed Sigmund
  4732 | D:5      | Killed Sigmund
  4734 | D:5      | Found a blossoming altar of Fedhas.
  4904 | D:5      | Noticed Edmund
  4921 | D:5      | Killed Edmund
  5437 | D:5      | Found an opulent altar of Gozag.
  6562 | D:7      | Reached skill level 10 in Spellcasting
  6576 | D:6      | Reached XP level 9. HP: 34/50 MP: 19/25
  6711 | D:7      | Reached * piety under Kikubaaqudgha
  6711 | D:7      | Identified Kikubaaqudgha's Compendium of Necromancy
                  | (Kikubaaqudgha gifted it to you on level 7 of the Dungeon)
  6711 | D:7      | Received a gift from Kikubaaqudgha
  6725 | D:7      | Learned a level 2 spell: Sublimation of Blood
  6843 | D:7      | Reached skill level 1 in Necromancy
  7124 | D:7      | Reached skill level 10 in Conjurations
  7248 | D:7      | Noticed a two-headed ogre
  7252 | D:7      | Slain by a two-headed ogre

Illustrated notes

Levels and vault maps discovered:
D:1:      evilmike_arrival_fibonacci_small, layout_loops_ring, minmay_tromino_v7
D:2:      layout_rooms, chequers_ecumenical_altar_island, uniq_natasha
D:3:      minmay_evil_eye, layout_loops_ring, minmay_misc_feat_tower,
          minmay_between
D:4:      layout_cave_pods, tso_metal_star, kennysheep_mini_moat,
          nicolae_overflow_crystal_walls, overflow_temple_1_default,
          first_ration
D:5:      layout_basic, temple_green, basic_altar, grunt_gozag_breadcrumbs,
          uniq_sigmund, uniq_edmund
D:6:      layout_gridville
D:7:      layout_basic, st_stairs_13
Temple:   nicolae_temple_no_exploring_needed

Skill      XL: |  1  2  3  4  5  6  7  8  9 |
---------------+----------------------------+-----
Conjurations   | 5 6 7 8 9 10 | 10.0
Spellcasting   | 4 5 6 8 10 | 10.9
Fighting       | 1 3 |  3.5
Necromancy     | 1 |  1.5
Dodging        | |  2.4
Stealth        | |  2.4

Action                   |  1- 3 |  4- 6 |  7- 9 || total
-------------------------+-------+-------+-------++-------
Melee: Short sword       |    10 |    26 |       ||    36
       Dagger            |       |       |     4 ||     4
 Cast: Magic Dart        |    41 |    78 |    63 ||   182
       Searing Ray       |     2 |    20 |    51 ||    73
  Use: Scroll            |     2 |     7 |     6 ||    15
  Eat: Chunk             |     1 |     7 |    11 ||    19
Armor: Robe              |     5 |    14 |    13 ||    32
Dodge: Dodged            |    17 |    29 |    32 ||    78
